 Dungeon Crawl Stone Soup version 0.14.0-26-g1682e81 (webtiles) character file.

75 Kae the Firebug (level 4, 0/24 HPs)
             Began as a Tengu Fire Elementalist on Apr 26, 2014.
             Killed by divine providence
             ... invoked by an orc priest
              (13 damage)
             ... while paralysed by a potion of paralysis
             ... on Level 3 of the Dungeon.
             The game lasted 00:04:11 (2463 turns).

Kae the Firebug (Tengu Fire Elementalist)           Turns: 2463, Time: 00:04:12

HP   0/24        AC  2     Str  8      XL: 4   Next: 13%
MP   9/9         EV  2     Int 16      God:
Gold 10          SH  0     Dex 15      Spells:  1 memorised,  7 levels left

rFire  . . .     SeeInvis .     (no weapon)
rCold  . . .     Clarity  .     a - +0 robe
rNeg   . . .     Conserve .     (no shield)
rPois  .         rCorr    .     (helmet restricted)
rElec  .         rRot     .     (no cloak)
SustAb . .       Spirit   .     (no gloves)
rMut   .         Warding  .     (boots unavailable)
Saprov . . .     Stasis   .     (no amulet)
MR     .....                    (no ring)
                                (no ring)

@: paralysed, not resistant to hostile enchantments, fairly stealthy
A: beak, talons 3
a: no special abilities


You were on level 3 of the Dungeon.
You were not hungry.

You visited 1 branch of the dungeon, and saw 3 of its levels.

You collected 10 gold pieces.

Inventory:

Missiles
 k - 8 tomahawks (quivered)
Armour
 a - a +0 robe (worn)
Scrolls
 d - 2 scrolls of remove curse {unknown}
 g - 4 scrolls of identify {unknown}
 i - 2 scrolls of immolation {unknown}
 j - 2 scrolls of magic mapping {unknown}
 l - a scroll of amnesia {unknown}
 n - a scroll of teleportation {unknown}
 o - a scroll of enchant weapon II {unknown}
Jewellery
 p - an uncursed ring of positive energy {unknown}
Potions
 f - a potion of curing {unknown}
 h - a potion of brilliance {unknown}
 m - a potion of heal wounds {unknown}
Books
 b - a book of Flames

   Spells                             Type                      Level
   *Flame Tongue                      Conjuration/Fire             1
   Throw Flame                        Conjuration/Fire             2
   Conjure Flame                      Conjuration/Fire             3
   Inner Flame                        Hexes/Fire                   3
   Sticky Flame                       Conjuration/Fire             4
   Fireball                           Conjuration/Fire             5


   Skills:
 - Level 2.1 Dodging
 - Level 2.0 Stealth
 + Level 2.5 Spellcasting
 * Level 3.6 Conjurations
 * Level 4.0 Fire Magic


You had 7 spell levels left.
You knew the following spells:

 Your Spells              Type           Power        Failure   Level  Hunger
a - Flame Tongue          Conj/Fire      ##...        6%          1    #......


Dungeon Overview and Level Annotations

Branches:
Dungeon (3/15)

Altars:
Okawaru


Innate Abilities, Weirdness & Mutations

You have a beak for a mouth.
You have claws for feet.


Message History

You spend a moment contemplating the meaning of life.
There are monsters nearby!
You spend a moment contemplating the meaning of life.
There are monsters nearby!
Drink which item? (? for menu, Esc to quit)
Okay, then.
Drink which item? (? for menu, Esc to quit)
You feel refreshed.
It was a potion of restore abilities.
Drink which item? (? for menu, Esc to quit)
You suddenly lose the ability to move!
It was a potion of paralysis.
The orc priest looks braver.
The orc priest hits you with a hand axe.
The orc priest utters an invocation to Beogh.
You feel a wave of unholy energy pass over you.
The orc priest mumbles some strange prayers to Beogh against you.
Pain shoots through your body!
The orc priest invokes the aid of Beogh against you.
Something smites you!
Ouch! That really hurt!
You die...

##########
#>....@o.#
##########.######o#
+..........# .#
#####.###..# .# #.#
#..# o# #.# #..# o#
#.###..# .#
#...#..# o#
###.#... .


You could see 2 orc priests.

Vanquished Creatures
  An adder (D:2)
  An orc (D:3)
  3 bats
  4 giant cockroaches
  7 goblins
  7 hobgoblins
  3 jackals (D:1)
  5 giant newts
  9 kobolds
  11 rats
51 creatures vanquished.

Notes
Turn   | Place    | Note
--------------------------------------------------------------
     0 | D:1      | Kae, the Tengu Fire Elementalist, began the quest for the Orb.
     0 | D:1      | Reached XP level 1. HP: 10/10 MP: 3/3
   279 | D:1      | Reached XP level 2. HP: 7/15 MP: 0/5
  1160 | D:1      | Reached XP level 3. HP: 16/19 MP: 5/7
  1581 | D:2      | Found an iron altar of Okawaru.
  2216 | D:3      | Reached XP level 4. HP: 24/24 MP: 3/9
  2401 | D:3      | Reached skill level 4 in Fire Magic
  2458 | D:3      | Paralysed by a potion of paralysis for 6 turns
  2463 | D:3      | Killed from afar by an orc priest

Action                   |  1- 3 |  4- 6 || total
-------------------------+-------+-------++-------
Melee: Unarmed           |    66 |     4 ||    70
 Cast: Flame Tongue      |    53 |    13 ||    66
  Use: Potion            |       |     2 ||     2
 Stab: Sleeping          |     2 |       ||     2
